 Dungeon Crawl Stone Soup version 0.28.0-53-g5a82cb258f (webtiles) character file.

Game seed: 5116138417357901659

1306 pkoi the Conjurer (level 8, -3/57 HPs)
             Began as a Demigod Conjurer on May 26, 2022.
             Killed by nerve-wracking pain
             ... invoked by a shadow imp
              (5 damage)
             ... on level 5 of the Dungeon.
             The game lasted 00:07:40 (6903 turns).

pkoi the Conjurer (Demigod Conjurer)                Turns: 6903, Time: 00:07:41

Health: -3/57      AC:  4    Str:  8    XL:     8   Next: 10%
Magic:  4/15       EV: 12    Int: 28    God:
Gold:   227        SH:  0    Dex: 12    Spells: 2/13 levels left

rFire   . . .      SeeInvis .   f - staff of conjuration
rCold   . . .      Faith    .   (no shield)
rNeg    . . .      Spirit   .   a - +0 robe
rPois   .          Reflect  .   n - +0 helmet
rElec   .          Harm     .   (no cloak)
rCorr   .          Rampage  .   (no gloves)
Will    .....                   u - +0 pair of boots
Stlth   ++........              (no amulet)
HPRegen 0.19/turn               (no ring)
MPRegen 0.14/turn               (no ring)

@: no status effects
A: high MP 1, forlorn, divine attributes
a: no special abilities


You were on level 5 of the Dungeon.
You visited 1 branch of the dungeon, and saw 5 of its levels.

You collected 227 gold pieces.

Inventory:

Hand Weapons
 e - a +0 dagger of draining
 h - a +0 short sword
 i - a +0 trident
 s - a +2 dagger of draining
 w - a +1 spear of venom
Armour
 a - a +0 robe (worn)
 n - a +0 helmet (worn)
 u - a +0 pair of boots (worn)
Magical Staves
 f - a staff of conjuration (weapon)
Jewellery
 o - a ring of ice
 x - a ring of flight
Scrolls
 g - 3 scrolls of teleportation {unknown}
 m - a scroll of immolation {unknown}
 q - a scroll of identify {unknown}
Potions
 b - a potion of heal wounds {unknown}
 c - a potion of attraction {unknown}
 d - 2 potions of degeneration {unknown}
 j - 2 potions of mutation {unknown}
 k - a potion of berserk rage {unknown}
 l - a potion of curing {unknown}
 p - a potion of lignification {unknown}
 r - a potion of might {unknown}
 t - a potion of ambrosia {unknown}
 z - a potion of brilliance {unknown}


   Skills:
 - Level 1.7 Dodging
 - Level 1.7 Stealth
 - Level 3.0 Spellcasting
 - Level 6.4 Conjurations
 + Level 4.8 Hexes
 + Level 4.8 Translocations


You had 2 spell levels left.
You knew the following spells:

 Your Spells              Type           Power      Damage    Failure   Level
a - Magic Dart            Conj           100%       1d8       1%          1
b - Searing Ray           Conj           100%       2d8       1%          2
c - Iskenderun's Mystic   Conj/Tloc      52%        2d11      9%          4
d - Fulminant Prism       Conj/Hex       26%        3d14      9%          4

Your spell library contained the following spells:

 Spells                   Type           Power      Damage    Failure   Level
 Animate Skeleton         Necr           8%         N/A       9%          1
 Pain                     Necr           16%        1d4       9%          1
 Dazzling Flash           Conj/Hex       100%       N/A       2%          3
 Vampiric Draining        Necr           4%         2d6       24%         3
 Summon Forest            Summ/Tloc      8%         N/A       65%         5
 Eringya's Noxious Bog    Tmut/Pois      2%         N/A       100%        6
 Summon Hydra             Summ           2%         N/A       100%        7


Dungeon Overview and Level Annotations

Branches:
Dungeon (5/15)
 Temple: D:4-7

Annotations:
D:5 Dowan


Innate Abilities, Weirdness & Mutations

You have an increased reservoir of magic. (+10% MP)
You shall have no god before yourself.
Your divine heritage dramatically boosts your attributes as you level up.


Message History

Items here: )) [[ ÷÷.
Things that are here:
a +0 scythe; a +0 robe; the human skeleton of Sigmund
Things that are here:
a +0 short sword; a +0 chain mail; an orc skeleton You start resting.
Dowan is nearby!
Dowan is nearby!
Dowan is nearby!
Dowan seems to find hidden reserves of power!
Dowan gestures at you while chanting. The stone arrow hits you!
* * * LOW HITPOINT WARNING * * *
Casting: Searing Ray (safe; 1% risk of failure)
Confirm with . or Enter, or press ? or * to list all spells.
Aiming: Searing Ray (safe; 1% risk of failure)
Press: ? - help, Shift-Dir - straight line, f - Dowan
Aim: Dowan, wielding a +0 dagger and wearing a +0 robe (fast, 76% to hit)
You feel a surge of power!
The searing ray hits Dowan!
Dowan is heavily wounded. (Press . to maintain the ray.) Dowan gestures wildly while chanting.
Dowan blinks!
Unknown command.
Dowan says, "How can I live without her?"
Dowan casts a spell.
Dowan blinks!
The shadow imp shouts, "Slither hence, thou dankish rump-fed frater!"
There is an open door here.
Dowan says, "How can I live without her?"
Dowan mumbles some strange words.
Dowan blinks!
Dowan mumbles some strange words.
Dowan blinks!
Dowan points at you and mumbles some strange words.
The shard of ice hits you!!
* * * LOW HITPOINT WARNING * * *
The shadow imp gestures at you. Pain shoots through your body!
You die...

#...###.# ##..[########
##÷#...######...........#
#........<........####.####
#..####.######.#.## #.#..
#...# #.# #.### #.#.#
##..###.# #.# #.#.#####
#......# ##)## #.......#
##.##### ##...## #####.###.#
#.## ##..@..###.(.......#
#..## ##......(##.###......?
##...####....e....#.##...#..##
#.......+...5....Y'..Y5.......
##...####.........#.##.......#
#...## ##.......## ##..##...#
#.### ##.....## .... .###
#.##########...## ##.# ##
#......... ##'##


You could see a yak, Dowan (fast) and a shadow imp.

Vanquished Creatures
  Sigmund (D:5)
  Duvessa (D:5)
  An orc warrior (D:5)
  2 ogres
  A necrophage (D:4)
  Blork the orc (D:5)
  2 scorpions
  3 water moccasin skeletons
  A bullfrog zombie (D:5)
  A hound (D:5)
  An orc priest (D:3)
  An iguana (D:4)
  Natasha (D:4)
  A hound skeleton (D:5)
  Robin (D:2)
  3 gnolls (D:3)
  3 ufetubi
  2 dart slugs (D:2)
  13 orcs
  5 bats
  10 endoplasms
  3 giant cockroaches
  10 goblins
  5 hobgoblins
  5 kobolds
  5 quokkas
  3 ball pythons
  3 frilled lizards
  4 rats
93 creatures vanquished.

Vanquished Creatures (collateral kills)
  A jelly (D:5)
  An iguana (D:5)
2 creatures vanquished.

Grand Total: 95 creatures vanquished

Notes
Turn   | Place    | Note
-------+----------+-------------------------------------------
     0 | D:1      | pkoi the Demigod Conjurer began the quest for the Orb.
     0 | D:1      | Reached XP level 1. HP: 14/14 MP: 5/5
   215 | D:1      | Reached skill level 4 in Conjurations
   447 | D:1      | Reached XP level 2. HP: 20/20 MP: 1/7
  1224 | D:2      | Noticed Robin
  1228 | D:2      | Learned a level 2 spell: Searing Ray
  1396 | D:2      | Killed Robin
  1397 | D:2      | Reached XP level 3. HP: 26/26 MP: 1/8
  2463 | D:3      | Reached skill level 5 in Conjurations
  2524 | D:3      | Reached XP level 4. HP: 33/33 MP: 2/10
  4254 | D:4      | Noticed a necrophage
  4259 | D:4      | Killed a necrophage
  4260 | D:4      | Reached XP level 5. HP: 33/38 MP: 3/12
  4263 | D:4      | Noticed Natasha
  4267 | D:4      | Killed Natasha
  4268 | D:4      | Reached skill level 6 in Conjurations
  4716 | D:4      | Reached XP level 6. HP: 45/45 MP: 4/13
  4889 | D:4      | Learned a level 4 spell: Iskenderun's Mystic Blast
  4983 | D:4      | Reached skill level 1 in Hexes
  4983 | D:4      | Reached skill level 1 in Translocations
  5612 | D:5      | Entered Level 5 of the Dungeon
  5671 | D:5      | Reached XP level 7. HP: 39/50 MP: 6/14
  6059 | D:4      | Learned a level 4 spell: Fulminant Prism
  6084 | D:5      | Noticed a yak
  6084 | D:5      | Noticed a yak
  6084 | D:5      | Noticed a yak
  6158 | D:5      | Noticed Blork the orc
  6171 | D:5      | Killed Blork the orc
  6443 | D:5      | Noticed Sigmund
  6455 | D:5      | Killed Sigmund
  6809 | D:5      | Reached XP level 8. HP: 54/57 MP: 15/15
  6832 | D:5      | Noticed Duvessa
  6832 | D:5      | Noticed Dowan
  6846 | D:5      | Identified a scroll of acquirement
  6846 | D:5      | Acquired a staff of conjuration
  6864 | D:5      | Killed Duvessa
  6901 | D:5      | HP: 2/57 [Dowan/shard of ice (26)]
  6903 | D:5      | Killed from afar by a shadow imp

Illustrated notes

Levels and vault maps discovered:
D:1:      dpeg_arrival_signposts, layout_rooms,
          hellmonk_ecumenical_altar_zigzags, kennysheep_boxes
D:2:      layout_loops_ring, grunt_decor_one_mirror, uniq_robin
D:3:      layout_loops_ring, mainiacjoe_overflow_paths
D:4:      layout_loops_corners, roderic_serpentine_path, uniq_natasha
D:5:      layout_loops_corners, uniq_sigmund, uniq_blork_the_orc, uniq_duvessa

Skill      XL: |  1  2  3  4  5  6  7 |
---------------+----------------------+-----
Conjurations   | 4 5 6 |  6.4
Spellcasting   | 2 3 |  3.0
Hexes          | 2 4 |  4.8
Translocations | 2 4 |  4.8
Dodging        | |  1.7
Stealth        | |  1.7

Action                   |  1- 3 |  4- 6 |  7- 9 || total
-------------------------+-------+-------+-------++-------
Melee: Dagger            |     7 |       |       ||     7
       Spear             |       |    16 |     4 ||    20
 Cast: Magic Dart        |    83 |    92 |    16 ||   191
       Searing Ray       |     1 |     6 |    10 ||    17
  Use: Scroll            |       |       |     3 ||     3
Armor: Robe              |       |     4 |     8 ||    12
Dodge: Dodged            |     5 |    26 |    20 ||    51
